AoeStats
← The Scampy

Hill Fort

505069817Analyzed
3v3 RM · 23d ago on Sep 7, 2026· 48m 45s· 6 players
Game mode
Random Map
Map size
Normal (6 player)
Population
200
Speed
Normal
Resources
Standard
Victory
Conquest
Starting age
Dark Age
Ending age
Imperial Age
RankedLock teamsTeams togetherTeam positionsShared explorationLock speedFull tech treeHidden civsTurbo modeCheats
Victory
Defeat
🇩🇪 Britons · Germany
850
+17
🇨🇿 Byzantines · Czechia
801
+19
🇧🇴 Magyars · Bolivia
784
+21
🇩🇪 Ethiopians · Germany
888
-19
🇩🇪 Khmer · Germany
879
-19
🇩🇪 Magyars · Germany
869
-19
Fred
11:22 Feudal Age
18:21 Castle Age
33:17 Imperial Age
32:20 Wheelbarrow
32:33 Fletching
32:40 Double-Bit Axe
33:51 Bow Saw
33:40 Bodkin Arrow
33:45 Gold Mining
34:13 Hand Cart
34:31 Yeomen
34:34 Ballistics
34:45 Bracer
34:46 Padded Archer Armor
35:25 Gold Shaft Mining
36:27 Chemistry
36:40 Leather Archer Armor
38:36 Conscription
45:13 Elite Longbowman
Czar
0:43 Loom
10:16 Feudal Age
11:40 Wheelbarrow
11:36 Horse Collar
12:01 Double-Bit Axe
20:39 Castle Age
19:55 Stone Mining
22:02 Hand Cart
21:56 Heavy Plow
22:08 Bow Saw
28:36 Gold Mining
29:48 Corvinian Army
32:18 Gold Shaft Mining
33:46 Scale Barding Armor
33:53 Bloodlines
33:43 Husbandry
33:50 Treadmill Crane
34:31 Ballistics
41:14 Imperial Age
40:14 Chain Barding Armor
41:29 Elite Magyar Huszar
47:51 Two-Man Saw
47:22 Crop Rotation
49:35 Chemistry
Spouter
0:55 Loom
15:43 Feudal Age
18:22 Double-Bit Axe
18:17 Horse Collar
21:59 Castle Age
21:36 Gold Mining
21:39 Stone Mining
22:27 Wheelbarrow
22:04 Scale Barding Armor
21:54 Fletching
22:26 Forging
23:01 Bow Saw
24:44 Hand Cart
28:14 Heavy Plow
30:54 Imperial Age
28:36 Treadmill Crane
29:17 Ballistics
30:33 Gold Shaft Mining
30:33 Stone Shaft Mining
31:10 Caravan
34:13 Stone Shaft Mining
35:19 Chemistry
34:30 Fortified Wall
35:40 Conscription
35:36 Squires
34:57 Man-at-Arms
35:22 Gambesons
37:47 Hoardings
37:15 Husbandry
36:36 Cavalier
40:15 Two-Man Saw
38:55 Heavy Camel Rider
39:31 Elite Skirmisher
39:32 Crossbowman
39:58 Light Cavalry
42:46 Iron Casting
42:11 Scale Mail Armor
42:31 Chain Barding Armor
42:16 Padded Archer Armor
42:11 Bodkin Arrow
42:53 Crop Rotation
43:06 Hussar
43:39 Arson
44:35 Arbalester
45:21 Thumb Ring
44:39 Pikeman
44:40 Long Swordsman
45:05 Gambesons
46:20 Chain Mail Armor
46:25 Chain Barding Armor
46:21 Leather Archer Armor
46:01 Bodkin Arrow
45:57 Halberdier
45:58 Two-Handed Swordsman
46:11 Two-Handed Swordsman
47:22 Champion
Red_Tiger
3:33 Loom
14:06 Feudal Age
22:03 Castle Age
21:27 Bloodlines
24:50 Scale Barding Armor
27:30 Town Watch
28:35 Double-Bit Axe
28:34 Horse Collar
28:45 Pikeman
34:28 Wheelbarrow
34:43 Fletching
38:26 Crossbowman
39:15 Thumb Ring
38:32 Elite Skirmisher
42:05 Imperial Age
45:12 Conscription
The Scampy
5:30 Loom
10:32 Feudal Age
17:17 Castle Age
15:50 Double-Bit Axe
17:06 Gold Mining
17:09 Stone Mining
17:12 Horse Collar
19:11 Bow Saw
26:58 Heavy Plow
37:36 Imperial Age
35:56 Wheelbarrow
38:39 Conscription
38:27 Double Crossbow
38:46 Husbandry
38:57 Bloodlines
38:59 Tusk Swords
40:03 Hand Cart
41:53 Scale Barding Armor
42:00 Forging
46:19 Chain Barding Armor
fylla
5:41 Loom
12:11 Loom
14:21 Feudal Age
18:14 Castle Age
17:00 Double-Bit Axe
17:08 Gold Mining
17:12 Horse Collar
19:59 Bow Saw
20:23 Fervor
22:13 Wheelbarrow
21:55 Town Watch
28:34 Hand Cart
28:41 Masonry
28:54 Ballistics
27:55 Crossbowman
30:47 Caravan
31:14 Squires
34:59 Imperial Age
34:31 Fletching
34:42 Padded Archer Armor
34:42 Scale Mail Armor
34:52 Forging
35:20 Thumb Ring
35:13 Bodkin Arrow
36:43 Chemistry
35:46 Torsion Engines
36:09 Conscription
35:15 Arbalester
37:16 Heavy Plow
38:21 Two-Man Saw
38:01 Gold Shaft Mining
37:29 Bodkin Arrow
37:51 Leather Archer Armor
37:51 Chain Mail Armor
38:12 Iron Casting
38:04 Halberdier
38:44 Elite Skirmisher
43:09 Siege Engineers
47:40 Guard Tower
47:55 Bracer
49:32 Blast Furnace
49:03 Plate Mail Armor
Connection lost

Rejoining the realm…

Still unreachable

The connection could not be restored.

Session expired

The server has moved on; the page needs a fresh start.